 Dungeon Crawl Stone Soup version 0.29-a0-323-g050149af67 (webtiles) character file.

Game seed: 13068969588143385278

96 zishaf the Skirmisher (level 4, 0/52 HPs)
             Began as an Ogre Chaos Knight on Apr 11, 2022.
             Was a Plaything of Xom.
             Slain by a steam dragon (6 damage)
             ... on level 3 of the Dungeon.
             The game lasted 00:03:13 (2408 turns).

zishaf the Skirmisher (Ogre Chaos Knight)           Turns: 2408, Time: 00:03:14

Health: 0/52       AC:  5    Str: 18    XL:     4   Next: 67%
Magic:  4/4        EV:  9    Int: 13    God:    Xom [....*.]
Gold:   88         SH:  0    Dex:  8    Spells: 3/3 levels left

rFire   . . .      SeeInvis +   a - +0 mace (chaos)
rCold   . . .      Faith    .   (no shield)
rNeg    + . .      Spirit   .   b - +2 robe
rPois   .          Reflect  .   (helmet restricted)
rElec   .          Harm     .   (no cloak)
rCorr   .          Rampage  .   (gloves unavailable)
Will    .....                   (boots unavailable)
Stlth   +.........              (no amulet)
HPRegen 0.17/turn               o - ring of positive energy
MPRegen 0.09/turn               (no ring)

@: no status effects
A: large, unfitting armour, tough skin 1, beak, hooves 1, see invisible,
mutation resistance 1
a: Renounce Religion


You were on level 3 of the Dungeon.
You worshipped Xom.
You were a beloved toy of Xom.
You visited 1 branch of the dungeon, and saw 3 of its levels.

You collected 88 gold pieces.

Inventory:

Hand Weapons
 a - a +0 mace of chaos (weapon)
Armour
 b - a +2 robe (worn)
Jewellery
 o - a ring of positive energy (left hand)
Scrolls
 e - a scroll of immolation {unknown}
 f - 2 scrolls of teleportation {unknown}
 g - 3 scrolls of vulnerability {unknown}
 j - 3 scrolls of identify {unknown}
 m - a scroll of summoning {unknown}
 n - 2 scrolls of magic mapping {unknown}
Potions
 d - 3 potions of curing {unknown}
 h - a potion of mutation {unknown}
 i - a potion of heal wounds {unknown}
 k - 2 potions of flight {unknown}
 l - a potion of berserk rage {unknown}
 p - a potion of cancellation {unknown}
 q - a potion of magic {unknown}
 r - a potion of degeneration {unknown}
Miscellaneous
 c - a piece from Xom's chessboard (15/15) (quivered)


   Skills:
 + Level 5.7 Fighting
 + Level 3.8 Maces & Flails
 - Level 2.1 Dodging


You had 3 spell levels left.
You didn't know any spells.
Your spell library was empty.

Dungeon Overview and Level Annotations

Branches:
Dungeon (3/15)

Altars:


Innate Abilities, Weirdness & Mutations

You are too large for most types of armour.
You have tough skin. (AC +1)
You have a beak for a mouth.
You have large cloven feet.
You have supernaturally acute eyesight. (SInv)
You are somewhat resistant to further mutation.


Message History

A worm comes into view.
Found 15 gold pieces.
Things that are here:
a +0 short sword; 3 boomerangs; an orc corpse You hit the worm.
You freeze the worm. Your kick misses the worm.
The worm is lightly wounded. "This might be better!"
The worm evaporates and reforms as a steam dragon!
The steam dragon bites you but does no damage.
The steam dragon claws you.
You barely miss the steam dragon.
The steam dragon is lightly wounded.
The steam dragon misses you. The steam dragon claws you.
You hit the steam dragon. You freeze the steam dragon.
Your kick misses the steam dragon.
The steam dragon is moderately wounded.
The steam dragon barely misses you. The steam dragon claws you.
You closely miss the steam dragon. You peck the steam dragon.
The steam dragon is moderately wounded.
The steam dragon bites you. The steam dragon claws you.
You closely miss the steam dragon. Your kick misses the steam dragon.
You peck the steam dragon, but do no damage.
The steam dragon is moderately wounded.
The steam dragon barely misses you. The steam dragon claws you.
You closely miss the steam dragon.
The steam dragon is moderately wounded.
The steam dragon breathes steam at you. The ball of steam hits you!
The steam dragon bites you.
The steam dragon claws you but does no damage.
You sock the steam dragon! You burn the steam dragon.
The steam dragon is heavily wounded.
The steam dragon bites you.
The steam dragon claws you but does no damage.
You hit the steam dragon but do no damage.
The steam dragon is heavily wounded.
You are engulfed in a cloud of scalding steam.
* * * LOW HITPOINT WARNING * * *
The steam dragon bites you.
You die...
Xom chortles!

# ...........########
#. #....##.#........^.
#.##.##.##.#..........
#$.#.#.......#######.
##.#......#.## #.
#......####.# #.
#.#.§§§§# #.# #.
##§§.## #.# #. #§@##
#. #.D# ..... ###....
#$.... #....#.
#.##.#.. .. .# ##


You could see a steam dragon (catching breath).

Vanquished Creatures
  Jessica (D:2)
  2 adders
  An orc (D:3)
  5 ball pythons
  7 bats
  3 endoplasms
  A giant cockroach (D:3)
  8 goblins
  2 hobgoblins (D:1)
  5 jackals (D:1)
  4 quokkas
  3 frilled lizards
  3 kobolds
  2 rats
47 creatures vanquished.

Notes
Turn   | Place    | Note
-------+----------+-------------------------------------------
     0 | D:1      | zishaf the Ogre Chaos Knight began the quest for the Orb.
     0 | D:1      | Reached XP level 1. HP: 24/24 MP: 1/1
     2 | D:1      | XOM: silly message
   258 | D:1      | Reached XP level 2. HP: 33/33 MP: 2/2
   278 | D:1      | XOM: silly message
   649 | D:1      | Reached XP level 3. HP: 40/41 MP: 3/3
   719 | D:1      | Found a faded altar of an unknown god.
  1119 | D:2      | Reached skill level 5 in Fighting
  1210 | D:2      | XOM is BORED!
  1210 | D:2      | XOM: 4-stop teleportation journey
  1231 | D:2      | XOM: stat loss: -1 Int (12/13)
  1419 | D:2      | XOM: give mutations
  1419 | D:2      | Gained mutation: You have large cloven feet. [Xom's grace]
  1419 | D:2      | Gained mutation: You are somewhat resistant to further
                  | mutation. [Xom's grace]
  1419 | D:2      | Gained mutation: You have a beak for a mouth. [Xom's grace]
  1419 | D:2      | Gained mutation: You have supernaturally acute eyesight.
                  | (SInv) [Xom's grace]
  1477 | D:2      | Noticed Jessica
  1483 | D:2      | Killed Jessica
  1484 | D:2      | Reached XP level 4. HP: 46/50 MP: 4/4
  1799 | D:2      | XOM: 6-stop teleportation journey
  1894 | D:2      | XOM: cloud trail
  2401 | D:3      | Noticed a steam dragon
  2401 | D:3      | a worm changed into a steam dragon
  2401 | D:3      | XOM: polymorph worm -> steam dragon
  2408 | D:3      | Slain by a steam dragon

Illustrated notes

Levels and vault maps discovered:
D:1:      lightli_arrival_chessboard, layout_loops_corners,
          chequers_ecumenical_altar_twisty, minmay_misc_feat_more_columns,
          st_stairs_6
D:2:      layout_loops_corners, uniq_jessica
D:3:      layout_loops_ring

Skill      XL: |  1  2  3 |
---------------+----------+-----
Maces & Flails | 3 |  3.8
Fighting       | 5 |  5.7
Dodging        | |  2.1

Action                   |  1- 3 |  4- 6 || total
-------------------------+-------+-------++-------
Melee: Mace              |   100 |    38 ||   138
       Kick              |       |    10 ||    10
       Peck              |       |     3 ||     3
 Stab: Paralysed         |       |     3 ||     3
Armor: Robe              |    50 |    18 ||    68
Dodge: Dodged            |    57 |    19 ||    76

Table legend: (Time is in decaauts)
 A = Elapsed time spent in this place.
 B = Non-inter-level travel time spent in this place.
 C = Inter-level travel time spent in this place.
 D = Time resting spent in this place.
 E = Time spent auto-exploring this place.
 F = Levels seen in this place.
 G = Mean time per level.
                   A        B        C        D        E       F      G
               +--------+--------+--------+--------+--------+-----+--------+
         Total |   2445 |   2435 |     10 |      0 |   2088 |   3 |  815.0 |
       Dungeon |   2445 |   2435 |     10 |      0 |   2088 |   3 |  815.0 |
               +--------+--------+--------+--------+--------+-----+--------+

Top non-repeatable levels by time:
     D:1: 1135 daAuts
     D:2: 916 daAuts
     D:3: 392 daAuts
